 Dungeon Crawl Stone Soup version 0.31-a0-236-g9a0961fb85 (webtiles) character file.

Game seed: 13199051585648541109

75 reriks the Caller (level 4, -3/24 HPs)
             Began as a Tengu Summoner on July 10, 2023.
             Was a Follower of Uskayaw.
             Slain by a gnoll
             ... wielding a +0 spear
              (6 damage)
             ... on level 2 of the Dungeon.
             The game lasted 00:03:14 (2702 turns).

reriks the Caller (Tengu Summoner)                  Turns: 2702, Time: 00:03:15

Health: -3/24      AC:  2    Str: 14    XL:     4   Next: 31%
Magic:  1/8        EV: 13    Int: 18    God:    Uskayaw [*.....]
Gold:   42         SH:  0    Dex: 14    Spells: 7/8 levels left

rFire   . . .        e - +0 mace
rCold   . . .        (no shield)
rNeg    . . .        a - +0 robe
rPois   .            (helmet restricted)
rElec   .            (no cloak)
rCorr   .            (no gloves)
SInv    .            (boots unavailable)
Will    .....        (no amulet)
Stlth   ++           d - +6 ring of strength
HPRegen 0.24/turn    (no ring)
MPRegen 0.11/turn

%: no passive effects
@: no status effects
A: beak, talons 3
a: Renounce Religion, Stomp


You were on level 2 of the Dungeon.
You worshipped Uskayaw.
Uskayaw was noncommittal.
You visited 1 branch of the dungeon, and saw 2 of its levels.

You collected 42 gold pieces.

Inventory:

Hand Weapons
 e - a +0 mace (weapon)
Armour
 a - a +0 robe (worn)
Jewellery
 d - a +6 ring of strength (left hand)
Scrolls
 c - a scroll of silence {unknown}
Potions
 b - a potion of magic
 f - a potion of heal wounds {unknown}
 g - 2 potions of enlightenment {unknown}
 h - a potion of haste {unknown}


   Skills:
 + Level 3.0 Dodging
 + Level 2.9 Stealth
 + Level 2.6 Spellcasting
 + Level 5.3 Summonings


You had 7 spell levels left.
You knew the following spells:

 Your Spells              Type           Power      Damage    Failure   Level
a - Summon Small Mammal   Summ           84%        N/A       1%          1

Your spell library contained the following spells:

 Spells                   Type           Power      Damage    Failure   Level
 Call Imp                 Summ           42%        N/A       2%          2
 Call Canine Familiar     Summ           21%        N/A       5%          3
 Summon Guardian Golem    Hex/Summ       12%        N/A       17%         3
 Summon Lightning Spire   Summ/Air       12%        N/A       50%         4


Dungeon Overview and Level Annotations

Branches:
Dungeon (2/15)

Altars:
Uskayaw


Innate Abilities, Weirdness & Mutations

You have a beak for a mouth.
You have claws for feet.


Message History

The gnoll is lightly wounded.
The bat hits your quokka but does no damage.
Your bat hits the gnoll but does no damage.
The bat hits your quokka but does no damage.
The bat closely misses your quokka.
Your quokka completely misses the bat.
A gnoll comes into view. It is wielding a +0 spear.
The bat hits your quokka.
Your quokka bites the bat.
The bat dies!
The gnoll hits you with a +0 whip.
You sock the gnoll!
The gnoll is severely wounded.
Your bat closely misses the gnoll.
The gnoll hits you with a +0 whip.
Your quokka bites the gnoll.
You can now stomp with the beat.
Okay, then.
Unknown command.
You hit the gnoll.
You kill the gnoll!
Your bat hits the gnoll but does no damage.
The gnoll hits your bat with a +0 whip.
Your bat dies!
Your bat's corpse disappears in a puff of smoke!
The gnoll barely misses your quokka.
Okay, then.
Unknown command.
Your quokka bites the gnoll.
Your quokka closely misses the gnoll.
The gnoll hits your quokka with a +0 whip!
Your quokka dies!
Your quokka's corpse disappears in a puff of smoke!
The gnoll hits you from afar with a +0 spear.
You don't have enough magic at the moment.
Okay, then.
Unknown command.
Found a robe and a +6 ring of strength.
The gnoll misses you. The gnoll hits you with a +0 spear!
* * * LOW HITPOINT WARNING * * *
You hit the gnoll.
The gnoll is heavily wounded.
The gnoll barely misses you. The gnoll hits you with a +0 spear.
You die...

#<## .. #.# . #. ..#
.##. #### ...# #..## ...
# #...# #.# .#
.#####.#.### #.#####.##
......g@..)## #.~#~.~..~
##..##.#g)..###~.#..~..~
#[##.#..##~.#.~≈.~~ #.
#.##..#~.♣.≈.♣~≈ #=
#.###...~.♣.♣.~.
#...).....~.♣..~≈~≈
#..........♣~≈.~.♣.
#...........♣~♣...#
>.......~....≈~##


You could see 2 gnolls.

Vanquished Creatures
  Jessica (D:2)
  A gnoll (D:2)
  3 ball pythons
  A bat (D:1)
  2 endoplasms (D:1)
  A goblin (D:2)
  2 hobgoblins (D:1)
  4 quokkas
  A frilled lizard (D:1)
16 creatures vanquished.

Vanquished Creatures (collateral kills)
  A ball python (D:1)
  4 bats
  4 endoplasms
  A giant cockroach (D:1)
  A goblin (D:1)
  2 hobgoblins (D:1)
  A kobold (D:1)
  A quokka (D:1)
  3 frilled lizards (D:1)
18 creatures vanquished.

Grand Total: 34 creatures vanquished

Notes
Turn   | Place    | Note
-------+----------+-------------------------------------------
     0 | D:1      | reriks the Tengu Summoner began the quest for the Orb.
     0 | D:1      | Reached XP level 1. HP: 10/10 MP: 4/4
   554 | D:1      | Reached XP level 2. HP: 15/15 MP: 3/6
   752 | D:1      | Reached skill level 5 in Summonings
  1155 | D:1      | Found a faded altar of an unknown god.
  1422 | D:1      | Prayed at the altar of an unknown god.
  1422 | D:1      | Became a worshipper of Uskayaw the Reveller
  1422 | D:1      | Reached * piety under Uskayaw
  1735 | D:1      | Reached XP level 3. HP: 18/19 MP: 2/7
  2679 | D:2      | Noticed Jessica
  2692 | D:2      | Killed Jessica
  2693 | D:2      | Reached XP level 4. HP: 19/24 MP: 1/8
  2702 | D:2      | Slain by a gnoll

Illustrated notes

Levels and vault maps discovered:
D:1:      psy_arrival_radial01, layout_basic, serial_curves, eino_curves_04,
          eino_curves_03, ebering_ecumenical_altar_box
D:2:      layout_rooms, serial_rivers, chequers_serial_rivers_micro_d,
          chequers_serial_rivers_marsh, chequers_serial_rivers_micro_d,
          chequers_serial_rivers_marsh, chequers_serial_rivers_micro_c,
          uniq_jessica, uniq_crazy_yiuf_cottage

Skill      XL: |  1  2  3 |
---------------+----------+-----
Summonings     | 5 |  5.3
Dodging        | 3 |  3.0
Stealth        | |  2.9
Spellcasting   | |  2.6

Action                     |  1- 3 |  4- 6 || total
---------------------------+-------+-------++-------
  Melee: Unarmed           |     2 |       ||     2
         Kick              |     6 |       ||     6
         Mace              |    36 |     5 ||    41
         Peck              |     4 |     2 ||     6
         Punch             |     1 |       ||     1
   Cast: Summon Small Mamm |    69 |     1 ||    70
 Invoke: Stomp             |     1 |       ||     1
 Armour: Robe              |    14 |     1 ||    15
  Dodge: Dodged            |    54 |     4 ||    58

Table legend: (Time is in decaauts)
 A = Elapsed time spent in this place.
 B = Non-inter-level travel time spent in this place.
 C = Inter-level travel time spent in this place.
 D = Time resting spent in this place.
 E = Time spent auto-exploring this place.
 F = Levels seen in this place.
 G = Mean time per level.
                   A        B        C        D        E       F      G
               +--------+--------+--------+--------+--------+-----+--------+
         Total |   2717 |   2693 |     24 |   1392 |    910 |   2 | 1358.5 |
       Dungeon |   2717 |   2693 |     24 |   1392 |    910 |   2 | 1358.5 |
               +--------+--------+--------+--------+--------+-----+--------+

Top non-repeatable levels by time:
     D:1: 2497 daAuts
     D:2: 219 daAuts
